 Dungeon Crawl Stone Soup version 0.23-a0-619-g281719c (webtiles) character file.

99 Azzok the Firebug (level 4, -1/30 HPs)
             Began as a Demonspawn Fire Elementalist on Dec 22, 2018.
             Was a Follower of Vehumet.
             Killed from afar by an orc wizard (6 damage)
             ... with a magic dart
             ... on level 2 of the Dungeon.
             The game lasted 00:04:21 (2521 turns).

Azzok the Firebug (Demonspawn Fire Elementalist)    Turns: 2521, Time: 00:04:22

Health: -1/30      AC:  2    Str:  8    XL:     4   Next: 45%
Magic:  8/8        EV: 17    Int: 18    God:    Vehumet [*.....]
Gold:   84         SH:  0    Dex: 18    Spells: 8/9 levels left

rFire    . . .     SeeInvis .   f - +0 short sword
rCold    . . .     Gourm    .   (no shield)
rNeg     . . .     Faith    .   a - +0 robe
rPois    .         Spirit   .   (no helmet)
rElec    .         Reflect  .   (no cloak)
rCorr    .         Harm     .   (no gloves)
MR       .....                  (no boots)
Stlth    +++.......             (no amulet)
HPRegen  0.10/turn              (no ring)
MPRegen  0.11/turn              (no ring)

@: agile
A: claws 2
a: Renounce Religion


You were on level 2 of the Dungeon.
You worshipped Vehumet.
Vehumet was aware of your devotion.
You were not hungry.

You visited 1 branch of the dungeon, and saw 3 of its levels.

You collected 84 gold pieces.

Inventory:

Hand Weapons
 f - a +0 short sword (weapon)
Armour
 a - a +0 robe (worn)
Jewellery
 i - a cursed ring of teleportation {unknown}
 j - an uncursed ring of poison resistance {unknown}
Wands
 o - a wand of iceblast (3)
Scrolls
 b - a scroll of blinking {unknown}
 e - a scroll of remove curse {unknown}
 h - 6 scrolls of identify {unknown}
 k - a scroll of amnesia {unknown}
 l - a scroll of random uselessness {unknown}
 m - a scroll of fog {unknown}
 n - 4 scrolls of teleportation {unknown}
Comestibles
 c - 5 rations


   Skills:
 - Level 1.7 Dodging
 - Level 1.7 Stealth
 + Level 3.0 Spellcasting
 + Level 2.4 Conjurations
 + Level 3.5 Fire Magic


You had 8 spell levels left.
You knew the following spells:

 Your Spells              Type           Power        Failure   Level  Hunger
a - Flame Tongue          Conj/Fire      ##...        4%          1    None

Your spell library contained the following spells:

 Spells                   Type           Power        Failure   Level  Hunger
 Freeze                   Ice            #...         16%         1    None
 Throw Flame              Conj/Fire      ##....       7%          2    ##.....
 Conjure Flame            Conj/Fire      ##......     14%         3    ###....
 Inner Flame              Hex/Fire       #.......     24%         3    ###....
 Sticky Flame             Conj/Fire      ##......     43%         4    ####...
 Fireball                 Conj/Fire      ##........   78%         5    ######.


Dungeon Overview and Level Annotations

Branches:
Dungeon (3/15)

Altars:
Dithmenos
Kikubaaqudgha
Qazlal
Ru
Vehumet
Xom

Annotations:
D:2 Natasha


Innate Abilities, Weirdness & Mutations

You have very sharp fingernails.


Message History

You miss something.
You hear some strange, mumbled words.
Something tries to affect you, but you resist.
You barely miss something.
You hear some strange, mumbled words.
Something tries to affect you, but you resist.
You miss something.
You hear some strange, mumbled words.
Something tries to affect you, but you resist.
You closely miss something. Something hits you but does no damage.
You hit something.
You hear some strange, mumbled words.
A magic dart appears from out of thin air!
The magic dart hits you!
* * * LOW HITPOINT WARNING * * *
You closely miss something. Something barely misses you.
You hear some strange, mumbled words.
A magic dart appears from out of thin air!
The magic dart hits you!
You die...

▒▒▒▒▒▒▒▒▒▒▒▒▒▒▒▒▒▒▒
▒·@················
▒{▒▒▒▒▒▒▒▒▒▒▒▒▒▒▒▒▒ ▒·▒ ▒▒▒▒▒ ▒·▒
····▒ ▒·▒ ····▒ ▒▒▒▒'▒▒▒▒▒ ▒▒
····▒▒▒▒▒▒▒▒········▒ ▒·
····················▒▒▒▒▒▒▒▒▒▒▒▒·
····················'··········'·


There were no monsters in sight!

Vanquished Creatures
  3 gnolls (D:3)
  2 adders
  2 oozes (D:3)
  4 orcs (D:3)
  2 giant cockroaches
  5 hobgoblins
  5 kobolds
  A quokka (D:3)
  A ball python (D:1)
  A bat (D:1)
  3 frilled lizards
  4 goblins
  12 rats
45 creatures vanquished.

Notes
Turn   | Place    | Note
-------+----------+-------------------------------------------
     0 | D:1      | Azzok the Demonspawn Fire Elementalist began the quest for
                  | the Orb.
     0 | D:1      | Reached XP level 1. HP: 13/13 MP: 3/3
   438 | D:1      | Gained mutation: You have sharp fingernails. [demonic
                  | ancestry]
   438 | D:1      | Reached XP level 2. HP: 19/19 MP: 3/5
  1010 | D:2      | Found a sacrificial altar of Ru.
  1013 | D:2      | Found a stormy altar of Qazlal.
  1015 | D:2      | Found an ancient bone altar of Kikubaaqudgha.
  1016 | D:2      | Found a shadowy altar of Dithmenos.
  1032 | D:2      | Found a radiant altar of Vehumet.
  1042 | D:2      | Became a worshipper of Vehumet
  1330 | D:2      | Found a shimmering altar of Xom.
  1330 | D:2      | Found a shimmering altar of Xom.
  1330 | D:2      | Found a shimmering altar of Xom.
  1373 | D:2      | Noticed Natasha
  1382 | D:2      | Noticed a crimson imp
  1620 | D:3      | Reached XP level 3. HP: 24/24 MP: 4/6
  1939 | D:3      | Gained mutation: You have very sharp fingernails. [demonic
                  | ancestry]
  1939 | D:3      | Reached XP level 4. HP: 16/30 MP: 0/8
  2252 | D:3      | Reached * piety under Vehumet
  2252 | D:3      | Offered knowledge of Freeze by Vehumet.
  2479 | D:2      | HP: 1/30 [something/puff of flame (9)]
  2521 | D:2      | Killed from afar by an orc wizard

Vault maps used:
D:1:      saegor_arrival_simple_d
D:2:      xom_redecorated, grunt_temple_overflow_open, first_ration,
          uniq_natasha

Skill      XL: |  1  2  3  4 |
---------------+-------------+-----
Fire Magic     | 3 |  3.5
Conjurations   | 2 |  2.4
Spellcasting   | 3 |  3.0
Dodging        | |  1.7
Stealth        | |  1.7

Action                   |  1- 3 |  4- 6 || total
-------------------------+-------+-------++-------
Melee: Unarmed           |     5 |       ||     5
       Short sword       |     3 |    22 ||    25
 Cast: Flame Tongue      |    55 |    23 ||    78
  Use: Potion            |       |     4 ||     4
  Eat: Chunk             |     3 |       ||     3
       Ration            |       |     1 ||     1
Armor: Robe              |    12 |     3 ||    15
       Skin              |       |    15 ||    15
Dodge: Dodged            |    32 |    12 ||    44

Table legend:
 A = Non-vault XP
 B = Vault XP
 C = Vault XP percentage of total XP
 D = Non-vault monster count
 E = Vault monster count
 F = Vault count percentage of total count
                 A         B        C        D         E       F
            +---------+---------+-------+---------+---------+-------
      Total |     142 |       0 |   0.0 |      45 |       0 |   0.0
            +---------+---------+-------+---------+---------+-------
        D:1 |      18 |       0 |   0.0 |      13 |       0 |   0.0
        D:2 |      25 |       0 |   0.0 |      11 |       0 |   0.0
        D:3 |      99 |       0 |   0.0 |      21 |       0 |   0.0
            +---------+---------+-------+---------+---------+-------
